 Dungeon Crawl Stone Soup version 0.29.1-15-g9cfb28693d (webtiles) character file.

Game seed: 8107106276263144016

465 Smoke131 the Firebug (level 6, 0/45 HPs)
             Began as a Draconian Fire Elementalist on Feb 25, 2023.
             Slain by an orc
             ... wielding a +0 hand axe
              (2 damage)
             ... on level 3 of the Dungeon.
             The game lasted 00:08:27 (3853 turns).

Smoke131 the Firebug (Draconian Fire Elementalist)  Turns: 3853, Time: 00:08:28

Health: 0/45       AC:  7    Str: 10    XL:     6   Next: 80%
Magic:  2/11       EV: 12    Int: 18    God:
Gold:   116        SH:  0    Dex: 11    Spells: 9/12 levels left

rFire   + . .      SeeInvis .   l - +2 dagger (venom)
rCold   . . .      Faith    .   (no shield)
rNeg    . . .      Spirit   .   (body armour unavailable)
rPois   +          Reflect  .   (helmet restricted)
rElec   .          Harm     .   f - +0 cloak
rCorr   .          Rampage  .   (no gloves)
Will    .....                   (no boots)
Stlth   ++........              (no amulet)
HPRegen 0.15/turn               k - ring of poison resistance
MPRegen 0.12/turn               p - ring of protection from fire

@: weakened, hasted, very quick
A: AC +6, unfitting armour, cold-blooded
a: no special abilities


You were on level 3 of the Dungeon.
You visited 1 branch of the dungeon, and saw 3 of its levels.

You collected 116 gold pieces.

Inventory:

Hand Weapons
 l - a +2 dagger of venom (weapon)
Missiles
 i - 2 throwing nets
Armour
 f - a +0 cloak (worn)
Jewellery
 k - a ring of poison resistance (left hand)
 p - a ring of protection from fire (right hand)
Scrolls
 c - 2 scrolls of fog {unknown}
 h - a scroll of blinking {unknown}
 j - a scroll of identify {unknown}
 m - a scroll of poison {unknown}
 n - a scroll of magic mapping {unknown}
 o - a scroll of teleportation {unknown}
 q - a scroll of noise {unknown}
 r - a scroll of enchant weapon {unknown}
 s - a scroll of enchant armour {unknown}
Potions
 a - 2 potions of magic
 b - a potion of lignification {unknown}
 d - a potion of attraction {unknown}
 e - a potion of haste
 g - a potion of ambrosia


   Skills:
 + Level 3.6 Dodging
 - Level 1.7 Stealth
 + Level 3.7 Spellcasting
 + Level 3.5 Conjurations
 + Level 4.6 Fire Magic


You had 9 spell levels left.
You knew the following spells:

 Your Spells              Type           Power      Damage    Failure   Level
a - Foxfire               Conj/Fire      72%        2x1d7     2%          1
b - Scorch                Fire           40%        2d7       3%          2

Your spell library contained the following spells:

 Spells                   Type           Power      Damage    Failure   Level
 Conjure Flame            Conj/Fire      18%        6-21      9%          3
 Inner Flame              Hex/Fire       11%        N/A       17%         3
 Flame Wave               Conj/Fire      18%        2d7       28%         4


Dungeon Overview and Level Annotations

Branches:
Dungeon (3/15)

Altars:


Innate Abilities, Weirdness & Mutations

Your plain brown scales are hard. (AC +6)
You cannot fit into any form of body armour.
You are cold-blooded and may be slowed by cold attacks.


Message History

The howler monkey is severely wounded.
The howler monkey hoots and howls with incredible vigour!
The howler monkey hits you.
You hear a shout!
You hit the howler monkey.
The howler monkey is poisoned.
The howler monkey is almost dead.
The howler monkey hits you.
* * * LOW HITPOINT WARNING * * *
The gnoll bouda gazes fiercely through you!
You feel your attacks grow feeble.
Casting: Scorch (safe; 3% risk of failure)
Confirm with . or Enter, or press ? or * to list all spells.
Flames lash the gnoll bouda.
The gnoll bouda is moderately wounded.
The gnoll bouda's fire resistance burns away.
You kill the howler monkey!
The gnoll bouda attacks as you move away!
The gnoll bouda hits you with a +0 whip.
* * * LOW HITPOINT WARNING * * *
The gnoll is no longer moving quickly.
There is a large open door here.
Casting: Scorch (safe; 3% risk of failure)
Confirm with . or Enter, or press ? or * to list all spells.
Flames lash the gnoll bouda.
The gnoll bouda is burned terribly!
The gnoll bouda is heavily wounded.
The gnoll hits you from afar with a +0 halberd.
* * * LOW HITPOINT WARNING * * *
The gnoll bouda barks out a call to the hunt!
You feel yourself speed up.
The gnoll hits you from afar with a +0 halberd!
* * * LOW HITPOINT WARNING * * *
The gnoll bouda is no longer more vulnerable to fire.
Your attacks no longer feel as feeble.
There is a huge open gate here.
The gnoll bouda gazes fiercely through you!
You feel your attacks grow feeble.
The gnoll is no longer moving quickly.
The orc shouts!
The orc hits you with a +0 hand axe.
You die...

#...P~≈###'#....'......#....#
#....~≈#...#############''''#####
#....≈≈#...#........)............
#....~≈#####~~~~~)~~~≈g~....~≈~≈~
#....~≈≈≈≈≈≈≈≈≈≈~≈≈≈≈≈≈≈....≈≈≈≈≈
#....~~~~~~~~≈~)≈≈~≈)~g~....~~~~≈
#.......................)...)....
).....##...##..o.....#g..........
####.........).)@....g...........
.....<.........####..............
)PP..~.........# ####.##########
P~P~PPP........#### #..)........
~P~~~P~....)..)...###############
P~♣♣~~P~.#.....................#
~~~♣≈♣PP)#........>..####....#.#
~~~♣♣≈~~~#...........#.##....#.##
~♣♣P♣≈≈§.#...........#.##....#.#.


You could see a gnoll bouda, 3 gnolls and an orc.

Vanquished Creatures
  3 howler monkeys (D:3)
  2 hounds (D:3)
  Jessica (D:2)
  Natasha (twice) (D:3)
  9 gnolls (D:3)
  An adder (D:3)
  2 worms
  2 dart slugs
  14 orcs (D:3)
  2 bats
  9 endoplasms
  3 giant cockroaches
  3 goblins (D:2)
  8 hobgoblins
  14 jackals (D:3)
  3 quokkas
  A ball python (D:1)
  3 frilled lizards
  9 kobolds
  5 rats
96 creatures vanquished.

Vanquished Creatures (collateral kills)
  A foxfire (D:3)
1 creature vanquished.

Vanquished Creatures (others)
  125 foxfires
  2 fungi (D:2)
  16 plants
143 creatures vanquished.

Grand Total: 240 creatures vanquished

Notes
Turn   | Place    | Note
-------+----------+-------------------------------------------
     0 | D:1      | Smoke131 the Draconian Fire Elementalist began the quest
                  | for the Orb.
     0 | D:1      | Reached XP level 1. HP: 14/14 MP: 3/3
   320 | D:1      | Reached XP level 2. HP: 16/20 MP: 0/5
  1325 | D:2      | Reached XP level 3. HP: 10/26 MP: 6/6
  1613 | D:2      | Noticed Jessica
  1623 | D:2      | Killed Jessica
  1653 | D:2      | Learned a level 2 spell: Scorch
  1719 | D:2      | Found a faded altar of an unknown god.
  1845 | D:2      | Reached XP level 4. HP: 33/33 MP: 7/7
  2189 | D:3      | Noticed Natasha
  2193 | D:3      | Killed Natasha
  2194 | D:3      | Reached XP level 5. HP: 38/38 MP: 2/9
  2774 | D:3      | Reached skill level 4 in Fire Magic
  3294 | D:3      | Reached XP level 6. HP: 42/45 MP: 10/10
  3464 | D:3      | Noticed Natasha
  3472 | D:3      | Killed Natasha
  3837 | D:3      | HP: 1/45 [gnoll/+0 halberd (8)]
  3853 | D:3      | Slain by an orc

Illustrated notes

Levels and vault maps discovered:
D:1:      eino_arrival_cavern_a, layout_basic
D:2:      layout_basic, dreamdust_ecumenical_altar_hidden_monk_grotto,
          uniq_jessica
D:3:      lemuel_castle_with_subvaults [lemuel_castle_interior_carwin_2],
          layout_basic, serial_bayou_lagoon_a, lexackson_kobold_supper,
          uniq_natasha

Skill      XL: |  1  2  3  4  5 |
---------------+----------------+-----
Dodging        | 2 3 |  3.6
Conjurations   | 2 3 |  3.5
Spellcasting   | 3 |  3.7
Fire Magic     | 4 |  4.6
Stealth        | |  1.7

Action                   |  1- 3 |  4- 6 || total
-------------------------+-------+-------++-------
Melee: Unarmed           |    22 |       ||    22
       Tailslap          |     5 |     9 ||    14
       Mace              |    23 |       ||    23
       Dagger            |    20 |   119 ||   139
       Punch             |       |     2 ||     2
 Cast: Foxfire           |    31 |    43 ||    74
       Scorch            |     1 |    24 ||    25
  Use: Potion            |       |     1 ||     1
 Stab: Sleeping          |     1 |     2 ||     3
Armor: Skin              |    18 |    41 ||    59
Dodge: Dodged            |    57 |    85 ||   142
